 Dungeon Crawl Stone Soup version 0.21.1-1-g345015f (webtiles) character file.

113 Wander the Cutter (level 5, -2/41 HPs)
             Began as a Human Wanderer on May 4, 2018.
             Killed by divine providence
             ... invoked by an orc priest
              (10 damage)
             ... on level 3 of the Dungeon.
             The game lasted 00:04:49 (1865 turns).

Wander the Cutter (Human Wanderer)                  Turns: 1865, Time: 00:04:50

Health: -2/41      AC:  2    Str: 10    XL:     5   Next: 17%
Magic:  5/5        EV: 12    Int: 14    God:
Gold:   86         SH:  0    Dex: 14    Spells: 4/4 levels left

rFire    . . .     SeeInvis .   a - +2 dagger
rCold    . . .     Gourm    .   (no shield)
rNeg     . . .     Faith    .   f - +0 robe
rPois    .         Spirit   .   (no helmet)
rElec    .         Reflect  .   (no cloak)
rCorr    .         Harm     .   (no gloves)
MR       .....                  (no boots)
Stlth    ++........             (no amulet)
HPRegen  0.13/turn              (no ring)
MPRegen  0.09/turn              (no ring)

@: no status effects
A: no striking features
a: no special abilities


You were on level 3 of the Dungeon.
You were not hungry.

You visited 1 branch of the dungeon, and saw 3 of its levels.

You collected 86 gold pieces.

Inventory:

Hand Weapons
 a - a +2 dagger (weapon)
 b - a +0 hand crossbow
Missiles
 d - 19 bolts
Armour
 f - a +0 robe (worn)
Scrolls
 c - a scroll of blinking
 h - a scroll of amnesia {unknown}
 l - a scroll of teleportation {unknown}
 m - a scroll of enchant weapon {unknown}
 o - a scroll of immolation {unknown}
Potions
 e - a potion of lignification
 i - a potion of haste
 j - a potion of mutation {unknown}
 n - 3 potions of heal wounds
Comestibles
 g - 3 rations
 k - 2 chunks of flesh


   Skills:
 - Level 3.0 Fighting
 * Level 3.4 Short Blades
 + Level 2.9 Crossbows
 - Level 1.0 Throwing
 - Level 1.0 Dodging
 + Level 3.3 Stealth


You had 4 spell levels left.
You didn't know any spells.

Dungeon Overview and Level Annotations

Branches:
Dungeon (3/15)

Altars:


Message History

You are too injured to fight recklessly!
You hit the orc priest.
The orc priest is severely wounded.
You closely miss the orc priest.
The orc priest is severely wounded.
The orc priest closely misses you.
You closely miss the orc priest.
The orc priest is severely wounded.
The orc priest hits you with a mace.
You hit the orc priest.
The orc priest is almost dead.
You hit the orc priest.
The orc priest is almost dead.
The orc priest hits you with a mace!
* * * LOW HITPOINT WARNING * * *
You closely miss the orc priest.
The orc priest is almost dead.
The orc priest mumbles some strange prayers to Beogh against you.
Beogh smites you!
You die...

... ....
#.(......##
........%###
)..........
.........########
#...
.....##..(..(o(.
#.[ #.##.##(o#
.#..#####.##.##.@#
.#..........†....#
.#.##.###.#####..#
.#.##.# #..####..#
.#.##.# #.......(#
.#.##.# #..####..#
...##.###..####..#
.....†.......##..#
..###............##


You could see an orc priest.

Vanquished Creatures
  4 adders
  An ooze (D:2)
  2 worms (D:2)
  2 dart slugs
  3 leopard geckos
  4 orcs (D:3)
  5 bats
  3 giant cockroaches
  7 goblins
  6 hobgoblins
  7 kobolds
  A quokka (D:2)
  A ball python (D:1)
  3 frilled lizards
  8 rats
57 creatures vanquished.

Notes
Turn   | Place    | Note
-------+----------+-------------------------------------------
     0 | D:1      | Wander the Human Wanderer began the quest for the Orb.
     0 | D:1      | Wander set off with: a +2 dagger, a scroll of blinking, a +0 hand crossbow, 25 bolts, a potion of lignification, a +0 robe, a ration
     0 | D:1      | Reached XP level 1. HP: 18/18 MP: 1/1
   109 | D:1      | Reached skill level 1 in Short Blades
   121 | D:1      | Reached XP level 2. HP: 24/24 MP: 2/2
   512 | D:1      | Reached XP level 3. HP: 29/29 MP: 3/3
   846 | D:1      | You fall through a shaft!
   906 | D:2      | Reached XP level 4. HP: 33/35 MP: 4/4
  1833 | D:3      | Reached XP level 5. HP: 41/41 MP: 5/5
  1865 | D:3      | Killed from afar by an orc priest

Skill      XL: |  1  2  3 |
---------------+----------+-----
Short Blades   | 1 2 3 |  3.4
Fighting       | |  3.0
Crossbows      | |  2.9
Throwing       | |  1.0
Dodging        | |  1.0
Stealth        | |  3.3

Action                   |  1- 3 |  4- 6 || total
-------------------------+-------+-------++-------
Melee: Dagger            |    53 |    58 ||   111
 Fire: Hand crossbow     |    36 |    46 ||    82
  Use: Scroll            |       |     4 ||     4
 Stab: Sleeping          |     2 |     2 ||     4
  Eat: Chunk             |       |     3 ||     3
Armor: Robe              |     7 |    10 ||    17
Dodge: Dodged            |    22 |    26 ||    48
